AoeStats
← ckflawless

Arena

508201074Analyzed
3v3 RM · 10d ago on Sep 21, 2026· 54m 10s· 6 players
Game mode
Random Map
Map size
Normal (6 player)
Population
200
Speed
Normal
Resources
Standard
Victory
Conquest
Starting age
Dark Age
Ending age
Imperial Age
RankedLock teamsTeams togetherTeam positionsShared explorationLock speedFull tech treeHidden civsTurbo modeCheats
Victory
Defeat
🇺🇸 Goths · United States
880
+15
🇺🇸 Huns · United States
850
+16
🇺🇸 Bohemians · United States
803
+18
🇬🇧 Japanese · United Kingdom
910
-18
🇮🇳 Goths · India
836
-16
🇳🇿 Persians · New Zealand
822
-15
AEC008
0:29 Loom
10:38 Feudal Age
11:04 Double-Bit Axe
12:00 Wheelbarrow
19:25 Castle Age
22:44 Horse Collar
23:17 Bow Saw
34:54 Imperial Age
32:31 Caravan
34:49 Chemistry
35:00 Houfnice
35:35 Heavy Scorpion
39:14 Conscription
39:17 Cavalier
43:01 Forging
42:57 Scale Barding Armor
43:38 Husbandry
47:48 Iron Casting
47:34 Chain Barding Armor
50:55 Blast Furnace
50:57 Light Cavalry
Felch Baby
12:24 Feudal Age
12:48 Horse Collar
12:57 Double-Bit Axe
13:07 Gold Mining
18:40 Castle Age
23:46 Imperial Age
21:54 Forging
23:16 Bow Saw
22:48 Pikeman
25:43 Scale Mail Armor
27:09 Chain Mail Armor
28:48 Wheelbarrow
30:45 Iron Casting
33:10 Halberdier
38:36 Fletching
ckflawless
0:25 Loom
9:30 Feudal Age
11:16 Double-Bit Axe
16:20 Castle Age
15:01 Horse Collar
16:57 Gold Mining
16:58 Stone Mining
17:47 Heavy Plow
18:57 Bow Saw
20:36 Wheelbarrow
25:13 Town Watch
25:58 Ballistics
26:33 Forging
26:24 Scale Mail Armor
27:24 Hand Cart
30:59 Imperial Age
30:45 Anarchy
31:24 Iron Casting
31:04 Chain Mail Armor
33:06 Chemistry
32:22 Squires
35:34 Conscription
37:08 Blast Furnace
37:16 Stone Shaft Mining
36:53 Perfusion
37:03 Elite Huskarl
Pheonix028
1:05 Loom
13:11 Feudal Age
13:49 Double-Bit Axe
18:51 Castle Age
18:23 Gold Mining
20:40 Horse Collar
22:37 Wheelbarrow
21:48 Town Watch
22:15 Bow Saw
22:57 Stone Mining
24:12 Gold Shaft Mining
23:51 Heavy Plow
27:34 Masonry
28:58 Kamandaran
29:52 Devotion
30:37 Hand Cart
29:59 Pikeman
31:31 Padded Archer Armor
31:22 Fletching
36:52 Imperial Age
34:02 Crossbowman
36:06 Thumb Ring
36:49 Stone Shaft Mining
36:35 Fletching
37:46 Ballistics
38:26 Chemistry
38:58 Bodkin Arrow
40:18 Leather Archer Armor
39:54 Capped Ram
44:29 Murder Holes
44:53 Guilds
45:22 Architecture
47:42 Gambesons
49:46 Bloodlines
53:04 Two-Man Saw
51:36 Cavalier
53:35 Husbandry
52:57 Heavy Camel Rider
dragoleopold
10:42 Feudal Age
17:57 Castle Age
16:49 Forging
16:32 Double-Bit Axe
16:30 Horse Collar
23:42 Heavy Plow
23:56 Bow Saw
31:53 Imperial Age
29:02 Elite Skirmisher
29:36 Fletching
29:57 Forging
29:42 Pikeman
29:57 Crossbowman
30:59 Forging
30:45 Bodkin Arrow
32:51 Iron Casting
33:00 Conscription
33:57 Anarchy
36:09 Ballistics
37:48 Halberdier
39:31 Blast Furnace
38:32 Scale Mail Armor
Paul Chuckle
0:29 Loom
10:04 Feudal Age
10:29 Horse Collar
10:37 Double-Bit Axe
18:20 Castle Age
17:56 Stone Mining
18:30 Gold Mining
20:01 Wheelbarrow
20:42 Heavy Plow
22:52 Ballistics
27:41 Bow Saw
27:26 Fletching
27:47 Forging
27:51 Town Watch
28:58 Forging
28:48 Scale Mail Armor
28:34 Treadmill Crane
29:27 Bodkin Arrow
31:12 Yasama
33:10 Gold Shaft Mining
36:31 Imperial Age
33:39 Pikeman
35:50 Iron Casting
35:30 Chain Mail Armor
35:17 Squires
35:40 Pikeman
36:07 Arson
37:18 Guard Tower
37:40 Masonry
37:57 Kataparuto
37:31 Capped Ram
39:39 Conscription
38:55 Capped Ram
40:52 Plate Mail Armor
40:19 Murder Holes
40:53 Man-at-Arms
41:19 Gambesons
41:52 Long Swordsman
42:21 Two-Handed Swordsman
Connection lost

Rejoining the realm…

Still unreachable

The connection could not be restored.

Session expired

The server has moved on; the page needs a fresh start.